 Dungeon Crawl Stone Soup version 0.21.1-1-g345015fe64 (webtiles) character file.

181 Atelerd the Magician (level 5, 0/31 HPs)
             Began as an Octopode Conjurer on July 28, 2018.
             Slain by an orc priest
             ... wielding a cursed -2 club
              (2 damage)
             ... on level 3 of the Dungeon.
             The game lasted 00:03:17 (2109 turns).

Atelerd the Magician (Octopode Conjurer)            Turns: 2109, Time: 00:03:17

Health: 0/31       AC:  1    Str:  6 (7)  XL:     5   Next: 61%
Magic:  0/12       EV: 13    Int: 17 (18) God:
Gold:   109        SH:  0    Dex: 10 (13) Spells: 5/14 levels left

rFire    . . .     SeeInvis .   m - +1 dagger (venom)
rCold    . . .     Gourm    .   (no shield)
rNeg     . . .     Faith    .   (helmet restricted)
rPois    .         Spirit   .   (no amulet)
rElec    .         Reflect  .   (no ring)
rCorr    .         Harm     .   (no ring)
MR       .....                  (no ring)
Stlth    +++.......             (no ring)
HPRegen  0.10/turn              (no ring)
MPRegen  0.13/turn              (no ring)
                                (no ring)
                                (no ring)

@: very slightly contaminated
A: almost no armour, stealthy swim, amphibious, 8 rings, constrict 8, camouflage
1, gelatinous body 1
a: no special abilities


You were on level 3 of the Dungeon.
You were not hungry.

You visited 1 branch of the dungeon, and saw 3 of its levels.

You collected 109 gold pieces.

Inventory:

Hand Weapons
 g - a +3 dagger of holy wrath
 m - a +1 dagger of venom (weapon)
Jewellery
 e - an uncursed ring of flight {unknown}
 k - an uncursed amulet of regeneration {unknown}
Scrolls
 c - 3 scrolls of identify {unknown}
 i - a scroll of enchant weapon {unknown}
 j - a scroll of magic mapping {unknown}
Potions
 d - a potion of degeneration
 f - a potion of ambrosia {unknown}
 h - a potion of curing {unknown}
 l - a potion of heal wounds {unknown}
Books
 a - a book of Conjurations

   Spells                             Type                      Level
   a - Magic Dart                     Conjuration                  1
   b - Searing Ray                    Conjuration                  2
   c - Dazzling Spray                 Conjuration/Hexes            3
   d - Fulminant Prism                Conjuration/Hexes            4
   e - Force Lance                    Conjuration/Translocation    4
   f - Iskenderun's Mystic Blast      Conjuration                  4
Comestibles
 b - a ration


   Skills:
 - Level 2.0 Dodging
 - Level 2.6 Stealth
 * Level 5.2 Spellcasting
 - Level 4.0 Conjurations


You had 5 spell levels left.
You knew the following spells:

 Your Spells              Type           Power        Failure   Level  Hunger
a - Magic Dart            Conj           ###.         2%          1    None
b - Iskenderun's Mystic   Conj           ###.....     26%         4    ####...
c - Force Lance           Conj/Tloc      ##......     52%         4    ####...


Dungeon Overview and Level Annotations

Branches:
Dungeon (3/15)

Altars:
Dithmenos
Elyvilon
Yredelemnul


Innate Abilities, Weirdness & Mutations

You cannot wear most types of armour.
You are very stealthy in the water. (Stealth+)
You are amphibious.
You can wear up to eight rings at the same time.
You can use your tentacles to constrict eight enemies at once.
Your skin changes colour to match your surroundings (Stealth+).
Your rubbery body absorbs attacks. (AC +1, EV +1)


Message History

Unknown command.
Casting: Iskenderun's Mystic Blast
Confirm with . or Enter, or press ? or * to list all spells.
Aiming: Iskenderun's Mystic Blast
Press: ? - help, Shift-Dir - straight line, f/p - orc priest
Aim: an orc priest, wielding a club and wearing a chain mail (heavily wounded, constricted by you, poisoned)
The orb of energy hits the orc priest.
The orc priest is severely wounded.
The orb of energy explodes!
You constrict the orc priest, but do no damage.
The orc priest invokes the aid of Beogh against you.
Beogh smites you!
* * * LOW HITPOINT WARNING * * *
The orc barely misses you. The orc closely misses you.
It was a potion of degeneration.
There was something very wrong with that liquid.
You feel weakened.
You feel dopey.
You feel clumsy.
You constrict the orc priest, but do no damage.
The orc priest hits you with a club.
You die...

#.# #.# #.# #.# #.#
#># #.# #.# ##.##
#.# #...# #.#
###.#>#####.#
######...#.......#
#@o....#####.#####
......oo####...#...#
......... .....#...#
##############....##
###.†######
#........ #)#######
... ####


You could see an orc priest and 2 orcs.

Vanquished Creatures
  An orc priest (D:3)
  8 adders
  2 oozes (D:2)
  2 worms (D:2)
  2 dart slugs
  A leopard gecko (D:2)
  3 orcs (D:3)
  9 bats
  3 giant cockroaches
  8 goblins
  5 hobgoblins
  4 jackals (D:2)
  2 frilled lizards
  6 kobolds
  8 rats
64 creatures vanquished.

Notes
Turn   | Place    | Note
-------+----------+-------------------------------------------
     0 | D:1      | Atelerd the Octopode Conjurer began the quest for the Orb.
     0 | D:1      | Reached XP level 1. HP: 11/11 MP: 3/3
   131 | D:1      | Reached XP level 2. HP: 17/17 MP: 1/5
   422 | D:1      | Reached skill level 3 in Spellcasting
   505 | D:1      | Reached XP level 3. HP: 21/21 MP: 3/7
   807 | D:2      | Reached XP level 4. HP: 26/27 MP: 1/9
   813 | D:2      | Learned a level 4 spell: Iskenderun's Mystic Blast
   818 | D:2      | Learned a level 4 spell: Force Lance
   825 | D:2      | Reached skill level 4 in Spellcasting
  1068 | D:2      | Found a basalt altar of Yredelemnul.
  1352 | D:2      | Reached XP level 5. HP: 20/31 MP: 7/12
  1583 | D:2      | Found a white marble altar of Elyvilon.
  1917 | D:3      | Found a shadowy altar of Dithmenos.
  1923 | D:3      | Reached skill level 5 in Spellcasting
  2109 | D:3      | Slain by an orc priest

Skill      XL: |  1  2  3  4  5 |
---------------+----------------+-----
Spellcasting   | 3 4 5 |  5.2
Dodging        | |  2.0
Stealth        | |  2.6
Conjurations   | |  4.0

Action                   |  1- 3 |  4- 6 || total
-------------------------+-------+-------++-------
Melee: Unarmed           |     7 |       ||     7
       Constrict         |     8 |    19 ||    27
       Dagger            |    28 |    58 ||    86
       Tentacles         |     4 |    12 ||    16
 Cast: Magic Dart        |    27 |    27 ||    54
       Iskenderun's Myst |       |     2 ||     2
  Use: Potion            |       |     1 ||     1
 Stab: Sleeping          |     8 |    10 ||    18
  Eat: Chunk             |       |     4 ||     4
Armor: Skin              |    12 |     2 ||    14
Dodge: Dodged            |    34 |    38 ||    72
